 Dungeon Crawl Stone Soup version 0.19.5 (webtiles) character file.

62 BunnyWarlock the Grave Robber (level 3, 0/25 HPs)
             Began as a Vampire Necromancer on Mar 31, 2017.
             Succumbed to an adder's poison
             ... on level 2 of the Dungeon.
             The game lasted 00:16:27 (2663 turns).

BunnyWarlock the Grave Robber (Vampire Necromancer) Turns: 2663, Time: 00:16:28

Health: 0/25       AC:  0    Str:  7    XL:     3   Next: 85%
Magic:  3/7        EV: 20    Int: 18    God:
Gold:   160        SH:  0    Dex: 19    Spells: 3 memorised, 2 levels left

rFire  . . .     SeeInvis +     (weapon currently unavailable)
rCold  . . .     Gourm    .     (armour currently unavailable)
rNeg   + . .     Faith    .     (shield currently unavailable)
rPois  .         Spirit   .     (helmet currently unavailable)
rElec  .         Reflect  .     (cloak currently unavailable)
rCorr  .         Harm     .     (gloves currently unavailable)
MR     .....                    (boots currently unavailable)
Stlth  +++++.....               (no amulet)
                                (ring currently unavailable)
                                (ring currently unavailable)

@: lethally poisoned (0 -> -3), bat-form, flying, very quick
A: fangs 3, see invisible, (unbreathing)
a: End Transformation


You were on level 2 of the Dungeon.
You were not thirsty.
You were in vampire-bat-form.
You visited 1 branch of the dungeon, and saw 2 of its levels.

You collected 160 gold pieces.

Inventory:

Hand Weapons
 f - a +0 hunting sling
 g - a +0 dagger (melded)
 l - a +0 dagger
 m - a cursed -1 halberd
Missiles
 h - 46 sling bullets
Armour
 a - a +0 robe (melded)
Scrolls
 d - 2 scrolls of magic mapping {unknown}
 i - 2 scrolls of amnesia {unknown}
 k - a scroll of identify {unknown}
 o - a scroll of random uselessness {unknown}
Potions
 c - 5 potions of blood
 e - a potion of brilliance {unknown}
 j - a potion of agility {unknown}
 n - a potion of flight {unknown}
Books
 b - a book of Necromancy

   Spells                             Type                      Level
   a - Pain                           Necromancy                   1
   b - Animate Skeleton               Necromancy                   1
   c - Vampiric Draining              Necromancy                   3
   d - Regeneration                   Charms/Necromancy            3
   e - Animate Dead                   Necromancy                   4
   f - Control Undead                 Necromancy                   4


   Skills:
 + Level 0.5 Fighting
 + Level 1.2 Short Blades
 + Level 2.4 Dodging
 + Level 3.7 Stealth
 + Level 2.6 Spellcasting
 + Level 4.9 Necromancy


You had 2 spell levels left.
You knew the following spells:

 Your Spells              Type           Power        Failure   Level  Hunger
a - Pain                  Necr           ###.         1%          1    #......
b - Animate Skeleton      Necr           N/A          1%          1    #......
c - Vampiric Draining     Necr           ###.......   10%         3    ###....


Dungeon Overview and Level Annotations

Branches:
Dungeon (2/15)

Altars:


Innate Abilities, Weirdness & Mutations

You have razor-sharp teeth.
You have supernaturally acute eyesight. (SInv)
((You can survive without breathing.))


Message History

You feel sick. The adder bites you.
* * * LOW HITPOINT WARNING * * *
You turn into a vampire bat.
Your +0 dagger melds into your body.
Your +0 robe melds into your body.
The adder completely misses you. The rat misses you. The adder bites you.
* * * LOW HITPOINT WARNING * * *
* * * LOW HITPOINT WARNING * * *
You feel sick.
Found a stone staircase leading down.
* * * LOW HITPOINT WARNING * * *
You feel sick.
* * * LOW HITPOINT WARNING * * *
You feel sick.
Press: ? - help, . - travel You can't see that place. [the floor.]
There is a lethal amount of poison in your body!
* * * LOW HITPOINT WARNING * * *
You feel sick.
You die...

#........%.#...........##
#..........'..S...........
#..........#..............
#..........(..............
#........#####............
#.......#####.............
#..........##.............
##....#....##.............
#..........#..b....#....
#..........###.....#....
#..........###..........
#............#..........
#.##..............[....#
#.##...................#
#<#....................#
###.##.................#
#.##.................#


You could see an adder.

Vanquished Creatures
  2 gnolls (D:2)
  An ooze (D:1)
  2 dart slugs (D:1)
  3 leopard geckos (D:1)
  A ball python (D:1)
  2 giant cockroaches (D:1)
  3 goblins (D:1)
  2 hobgoblins
  3 kobolds
  2 quokkas (D:2)
  3 bats
  2 frilled lizards (D:1)
  5 rats
31 creatures vanquished.

Notes
Turn   | Place    | Note
-------+----------+-------------------------------------------
     0 | D:1      | BunnyWarlock the Vampire Necromancer began the quest for the Orb.
     0 | D:1      | Reached XP level 1. HP: 13/13 MP: 3/3
     2 | D:1      | Learned a level 1 spell: Animate Skeleton
   127 | D:1      | Reached XP level 2. HP: 10/19 MP: 0/5
   807 | D:1      | Reached XP level 3. HP: 8/24 MP: 1/6
  1069 | D:1      | Learned a level 3 spell: Vampiric Draining
  1581 | D:2      | Reached skill level 1 in Short Blades
  2232 | D:2      | HP: 1/25 [quokka (4)]
  2650 | D:2      | HP: 1/25 [poisoned by an adder]
  2656 | D:2      | HP: 1/25 [poisoned by an adder]
  2663 | D:2      | Succumbed to an adder's poison

Skill      XL: |  1  2  3 |
---------------+----------+-----
Short Blades   | 1 |  1.2
Fighting       | |  0.5
Dodging        | |  2.4
Stealth        | |  3.7
Spellcasting   | |  2.6
Necromancy     | |  4.9

Action                   || total
-------------------------++-------
Melee: Unarmed           ||    12
       Dagger            ||    44
       Bite              ||     2
 Cast: Pain              ||    55
 Abil: Bat Form          ||     4
       End Transformatio ||     3
  Use: Potion            ||     5
 Stab: Sleeping          ||     1
Armor: Robe              ||    11
Dodge: Dodged            ||    58
